 Dungeon Crawl Stone Soup version 0.31-a0-210-gccc998df9b (webtiles) character file.

Game seed: 16931548482702210867

399 innerfire43 the Trooper (level 6, 0/51 HPs)
             Began as a Demonspawn Monk on June 29, 2023.
             Was a Believer of Trog.
             Slain by a scorpion (4 damage)
             ... on level 4 of the Dungeon.
             The game lasted 00:03:17 (2483 turns).

innerfire43 the Trooper (Demonspawn Monk)           Turns: 2483, Time: 00:03:17

Health: 0/51       AC:  2    Str: 14    XL:     6   Next: 54%
Magic:  6/6        EV: 13    Int: 11    God:    Trog [**....]
Gold:   197        SH:  0    Dex: 15    Spells: 5/5 levels left

rFire   + . .        n - +3 war axe
rCold   + . .        d - orb {light}
rNeg    . . .        b - +0 robe
rPois   .            (no helmet)
rElec   .            g - scarf {rC+ rF+}
rCorr   .            (no gloves)
SInv    .            (no boots)
Will    .....        (no amulet)
Stlth   +            (no ring)
HPRegen 0.28/turn    (no ring)
MPRegen 0.10/turn

%: no passive effects
@: confused, lethally poisoned (0 -> -4), ambrosia-drunk, glowing
A: large bone plates 1, demonic touch 1
a: Renounce Religion, Berserk, Trog's Hand


You were on level 4 of the Dungeon.
You worshipped Trog.
Trog was pleased with you.
You visited 1 branch of the dungeon, and saw 4 of its levels.

You collected 197 gold pieces.

Inventory:

Hand Weapons
 a - a +0 hand axe
 n - a +3 war axe (weapon)
 o - a +4 dagger of speed
Armour
 b - a +0 robe (worn)
 d - an orb of light (worn)
 g - a scarf of resistance (worn)
 q - a scarf of repulsion
Magical Staves
 i - a staff of fire
Wands
 k - a wand of mindburst (8)
Scrolls
 e - a scroll of amnesia
 j - a scroll of blinking
 p - 2 scrolls of vulnerability
 s - a scroll of enchant armour
Potions
 h - 2 potions of heal wounds {unknown}
 l - a potion of invisibility {unknown}
 m - a potion of attraction {unknown}
 r - a potion of cancellation {unknown}


   Skills:
 * Level 5.1 Fighting
 * Level 2.6 Short Blades
 + Level 3.8 Axes
 + Level 3.8 Dodging


You had 5 spell levels left.
You didn't know any spells.
Your spell library contained the following spells:

 Spells                   Type           Power      Damage    Failure   Level
 Sting                    Tmut/Pois      0%         1d3       34%         1
 Poisonous Vapours        Pois/Air       0%         N/A       47%         2
 Summon Guardian Golem    Hex/Summ       0%         N/A       71%         3
 Olgreb's Toxic Radiance  Pois           0%         N/A       98%         4
 Orb of Destruction       Conj           0%         9d5       100%        7
 Spellforged Servitor     Conj/Summ      0%         N/A       100%        7


Dungeon Overview and Level Annotations

Branches:
Dungeon (4/15)
 Temple: D:4-7

Altars:
Nemelex Xobeh
Trog
Yredelemnul

Shops:
D:3 :


Innate Abilities, Weirdness & Mutations

You are partially covered in large bone plates. (SH +4)
Your touch may inflict minor irresistible damage on your foes.


Message History

You hit the iguana.
The iguana is moderately wounded.
You hit the scorpion. The scorpion stings you. The iguana bites you!
The scorpion barely misses you.
You hit the iguana.
The iguana is heavily wounded.
You barely miss the scorpion. The scorpion closely misses you.
The iguana bites you!
There are monsters nearby!
You are too injured to fight recklessly!
You are too injured to fight recklessly!
There are monsters nearby!
You slash the iguana!
You kill the iguana!
Trog accepts your kill.
You hit the scorpion but do no damage. The scorpion barely misses you.
You block the scorpion's attack. The scorpion barely misses you.
You barely miss the scorpion.
The scorpion is moderately wounded.
The scorpion stings you.
You are poisoned.
The scorpion poisons you! The scorpion barely misses you.
You hit the scorpion but do no damage.
The scorpion is moderately wounded.
You feel very sick. The scorpion stings you.
* * * LOW HITPOINT WARNING * * *
You hit the scorpion.
The scorpion is heavily wounded.
* * * LOW HITPOINT WARNING * * *
You feel very sick. The scorpion stings you.
* * * LOW HITPOINT WARNING * * *
The scorpion closely misses you.
You are confused.
You feel invigorated.
* * * LOW HITPOINT WARNING * * *
You feel sick. The scorpion stings you.
You die...

..### . ... ##
. ... .. #.#.#
.# #.#.# ..#
#####.#<##..#..
...............
.####....#..###
#...@# ....
#...s.# ###
#.###..# #.#
#.... #.#
#..### #.# #..#
.# ..## ..#


You could see a scorpion.

Vanquished Creatures
  The ghost of Rudyous the Chiller, a novice DsIE of Vehumet (D:3)
  An iguana (D:4)
  A gnoll (D:1)
  3 adders
  A worm (D:2)
  3 dart slugs
  4 endoplasms
  2 giant cockroaches
  6 goblins
  2 hobgoblins
  5 jackals
  2 quokkas
  7 ball pythons
  5 bats
  A frilled lizard (D:3)
  2 kobolds (D:2)
  6 rats
52 creatures vanquished.

Notes
Turn   | Place    | Note
-------+----------+-------------------------------------------
     0 | D:1      | innerfire43 the Demonspawn Monk began the quest for the
                  | Orb.
     0 | D:1      | Reached XP level 1. HP: 18/18 MP: 1/1
   313 | D:1      | Gained mutation: Your touch may inflict minor irresistible
                  | damage on your foes. [demonic ancestry]
   313 | D:1      | Reached XP level 2. HP: 3/24 MP: 2/2
   782 | D:2      | Found a bloodstained altar of Trog.
   821 | D:2      | Gained mutation: You are partially covered in large bone
                  | plates. (SH +4) [demonic ancestry]
   821 | D:2      | Reached XP level 3. HP: 19/29 MP: 3/3
  1501 | D:2      | Became a worshipper of Trog the Wrathful
  1501 | D:2      | Reached * piety under Trog
  1501 | D:2      | Reached ** piety under Trog
  1537 | D:3      | Reached skill level 4 in Fighting
  1537 | D:3      | Reached XP level 4. HP: 34/37 MP: 4/4
  1671 | D:3      | Found Zuih's Book Emporium.
  1781 | D:3      | Found a faded altar of an unknown god.
  1782 | D:3      | Found a basalt altar of Yredelemnul.
  1981 | D:3      | Found a sparkling altar of Nemelex Xobeh.
  2180 | D:3      | Found a runed translucent gate.
  2181 | D:3      | Found a runed translucent gate.
  2182 | D:3      | Found a runed translucent gate.
  2185 | D:3      | Noticed Rudyous's ghost (novice DsIE)
  2200 | D:3      | Killed Rudyous's ghost
  2201 | D:3      | Reached skill level 5 in Fighting
  2201 | D:3      | Reached XP level 5. HP: 17/44 MP: 5/5
  2201 | D:3      | Reached XP level 6. HP: 19/51 MP: 6/6
  2483 | D:4      | Slain by a scorpion

Illustrated notes

Levels and vault maps discovered:
D:1:      minmay_arrival_diagonal_passages, layout_basic
D:2:      layout_rooms, basic_altar, serial_corexii_hall,
          chequers_hall_statues_wall_a, chequers_hall_statues_wall_a
D:3:      layout_loops_ring, mainiacjoe_overflow_paths,
          nicolae_overflow_ecumenical_swirl, ebering_ghost_rock_garden,
          serial_shops, nicolae_shop_hallway_stairs
D:4:      layout_loops_ring, minmay_temple_entry_trees, serial_rivers,
          chequers_serial_rivers_small_3, chequers_serial_rivers_small_b,
          chequers_serial_rivers_room_a, chequers_serial_rivers_micro_d,
          chequers_serial_rivers_micro_e, chequers_serial_rivers_micro_b,
          minivault_24, minmay_ogre_servants

Skill      XL: |  1  2  3  4 |
---------------+-------------+-----
Axes           | 3 |  3.8
Dodging        | 3 |  3.8
Fighting       | 4 5 |  5.1
Short Blades   | 2 |  2.6

Action                     |  1- 3 |  4- 6 || total
---------------------------+-------+-------++-------
  Melee: Hand axe          |    92 |     2 ||    94
         War axe           |       |    40 ||    40
    Use: Scroll            |       |     7 ||     7
         Potion            |       |     1 ||     1
 Armour: Robe              |     9 |     5 ||    14
  Dodge: Dodged            |    57 |    19 ||    76
  Block: Orb               |     9 |     6 ||    15

Table legend: (Time is in decaauts)
 A = Elapsed time spent in this place.
 B = Non-inter-level travel time spent in this place.
 C = Inter-level travel time spent in this place.
 D = Time resting spent in this place.
 E = Time spent auto-exploring this place.
 F = Levels seen in this place.
 G = Mean time per level.
                   A        B        C        D        E       F      G
               +--------+--------+--------+--------+--------+-----+--------+
         Total |   2508 |   2305 |    203 |      0 |   1911 |   4 |  627.0 |
       Dungeon |   2508 |   2305 |    203 |      0 |   1911 |   4 |  627.0 |
               +--------+--------+--------+--------+--------+-----+--------+

Top non-repeatable levels by time:
     D:3: 951 daAuts
     D:2: 802 daAuts
     D:1: 742 daAuts
     D:4: 12 daAuts
